 Dungeon Crawl Stone Soup version 0.21.1-1-g345015f (webtiles) character file.

1473 wojtek the Chopper (level 8, -3/67 (68) HPs)
             Began as a Minotaur Fighter on June 30, 2018.
             Was a Believer of Okawaru.
             Killed by nerve-wracking pain
             ... invoked by Grinder
              (6 damage)
             ... on level 5 of the Dungeon.
             The game lasted 00:07:41 (5262 turns).

wojtek the Chopper (Minotaur Fighter)               Turns: 5262, Time: 00:07:41

HP:   -3/67 (68)    AC:  7    Str: 23    XL:     8   Next: 49%
MP:   10/10         EV: 10    Int:  3    God:    Okawaru [**....]
Gold: 214           SH: 11    Dex: 10    Spells: 7/7 levels left

rFire    . . .     SeeInvis .   a - +0 war axe
rCold    + . .     Gourm    .   c - +1 shield
rNeg     . . .     Faith    .   b - +0 scale mail
rPois    .         Spirit   .   (helmet restricted)
rElec    .         Reflect  .   (no cloak)
rCorr    .         Harm     .   (no gloves)
MR       .....     Clarity  +   (no boots)
Stlth    ..........             (no amulet)
HPRegen  0.21/turn              y - -2 ring of intelligence (curse)
MPRegen  0.12/turn              u - ring of protection from cold

@: no status effects
A: retaliatory headbutt, horns 2, clarity, screaming 1, sturdy frame 1
a: Heroism, Renounce Religion


You were on level 5 of the Dungeon.
You worshipped Okawaru.
Okawaru was pleased with you.
You were hungry.

You visited 1 branch of the dungeon, and saw 5 of its levels.

You collected 214 gold pieces.

Inventory:

Hand Weapons
 a - a +0 war axe (weapon)
 v - a +0 hand axe of chopping
Armour
 b - a +0 scale mail (worn)
 c - a +1 shield (worn)
Jewellery
 s - an uncursed ring of positive energy
 u - a ring of protection from cold (right hand)
 y - a cursed -2 ring of intelligence (left hand)
Wands
 w - a wand of polymorph (11)
 B - a wand of random effects (16)
Scrolls
 g - a scroll of fog
 h - a scroll of amnesia
 j - a scroll of enchant armour
 k - 2 scrolls of teleportation
 n - a scroll of remove curse {unknown}
 p - a scroll of identify
 r - a scroll of fear {unknown}
 t - a scroll of magic mapping {unknown}
 A - a scroll of enchant weapon {unknown}
Potions
 d - 2 potions of might
 e - 2 potions of berserk rage {unknown}
 i - 2 potions of brilliance
 l - 2 potions of mutation
 m - a potion of lignification {unknown}
 o - a potion of curing
 q - 2 potions of haste {unknown}
 x - 2 potions of heal wounds {unknown}
 C - a potion of degeneration {unknown}
Comestibles
 f - 9 rations


   Skills:
 + Level 5.3 Fighting
 + Level 7.8 Axes
 + Level 5.4 Armour
 + Level 3.3 Dodging
 + Level 5.3 Shields
 * Level 4.2 Invocations
 + Level 2.2 Evocations


You had 7 spell levels left.
You didn't know any spells.

Dungeon Overview and Level Annotations

Branches:
Dungeon (5/15)
 Temple: D:4-7

Altars:
Okawaru
Qazlal
Sif Muna
Trog

Shops:
D:5 [

Annotations:
D:5 2 transporters, Grinder


Innate Abilities, Weirdness & Mutations

You reflexively headbutt those who attack you in melee.
You have a pair of horns on your head.
You possess an exceptional clarity of mind.
You occasionally shout uncontrollably at your foes.
Your movements are slightly less encumbered by armour. (ER -2)


Message History

Grinder gestures at you. Pain shoots through your body!
* * * LOW HITPOINT WARNING * * *
You hit the sky beast.
The sky beast is almost dead.
The sky beast barely misses you. You furiously retaliate!
You headbutt the sky beast. You closely miss the sky beast.
The sky beast is almost dead.
The sky beast hits you but does no damage.
Grinder gestures at you. Pain shoots through your body!
* * * LOW HITPOINT WARNING * * *
Unknown command.
You barely miss the sky beast. Your headbutt misses the sky beast.
The sky beast is almost dead.
The sky beast hits you but does no damage.
Grinder gestures at you. Pain shoots through your body!
You die...

#.............
###.##.##.#...
#.##....#...
#.##.#..#...
#.##......#.
#...........
######.#)##.
#.#######
#.#.##.
#....Y@.##
#.#.##.
####.###5##
#...... #.#
##.## #......
... #..#
#...... .## #
##..## ##.###.
.. .###....#
#.##.. .
#...##..#
#.....
#.####..#
####..
#.##....# #..


You could see Grinder and a sky beast.

Vanquished Creatures
  Eustachio (D:5)
  The ghost of dscm the Digger, an amateur OpEE (D:5)
  A sky beast (D:5)
  2 ogres
  A necrophage (D:5)
  4 killer bees (D:5)
  A scorpion (D:5)
  A crimson imp (D:5)
  A quasit (D:5)
  2 hounds (D:5)
  3 jellies
  A bullfrog skeleton (D:3)
  4 iguanas
  3 worker ants (D:5)
  Robin (D:3)
  6 gnolls
  5 adders
  A shadow imp (D:5)
  An adder skeleton (D:4)
  5 worms
  2 dart slugs
  11 orcs
  5 giant cockroaches
  17 goblins
  13 hobgoblins
  10 jackals (D:1)
  3 quokkas
  3 ball pythons
  6 bats
  5 frilled lizards
  7 kobolds
  6 rats
133 creatures vanquished.

Notes
Turn   | Place    | Note
-------+----------+-------------------------------------------
     0 | D:1      | wojtek the Minotaur Fighter began the quest for the Orb.
     0 | D:1      | Reached XP level 1. HP: 19/19 MP: 0/0
    16 | D:1      | Reached skill level 3 in Axes
    22 | D:1      | Reached XP level 2. HP: 24/26 MP: 1/1
    96 | D:1      | Reached skill level 4 in Axes
   405 | D:1      | Reached XP level 3. HP: 31/31 MP: 2/2
   715 | D:2      | Found a stormy altar of Qazlal.
   839 | D:2      | Reached skill level 5 in Axes
   957 | D:2      | Reached XP level 4. HP: 24/39 MP: 3/3
  1456 | D:3      | Found a deep blue altar of Sif Muna.
  1480 | D:3      | Reached skill level 6 in Axes
  1639 | D:3      | Reached XP level 5. HP: 41/45 MP: 4/4
  1855 | D:3      | Noticed Robin
  1889 | D:3      | Killed Robin
  2103 | D:3      | Found an iron altar of Okawaru.
  2119 | D:3      | Became a worshipper of Warmaster Okawaru
  2460 | D:4      | Reached skill level 1 in Dodging
  2473 | D:4      | Reached XP level 6. HP: 50/52 MP: 5/5
  2525 | D:4      | Reached skill level 1 in Invocations
  2597 | D:4      | Reached skill level 7 in Axes
  3128 | D:5      | Entered Level 5 of the Dungeon
  3152 | D:5      | Found Jiab's Armour Emporium.
  3184 | D:5      | Reached * piety under Okawaru
  3192 | D:5      | Reached XP level 7. HP: 50/60 MP: 7/7
  3567 | D:5      | Noticed Eustachio
  3582 | D:5      | Killed Eustachio
  3582 | D:5      | Reached skill level 1 in Evocations
  3704 | D:5      | Noticed dscm's ghost (amateur OpEE)
  3710 | D:5      | Killed dscm's ghost
  3818 | D:5      | Gained mutation: You possess an exceptional clarity of mind. [potion of mutation]
  3818 | D:5      | Gained mutation: You occasionally shout uncontrollably at your foes. [potion of mutation]
  3818 | D:5      | Gained mutation: Your movements are slightly less encumbered by armour. (ER -2) [potion of mutation]
  3818 | D:5      | HP: 3/60 [poisoned by a killer bee]
  4083 | D:5      | Noticed a two-headed ogre
  4085 | D:5      | Found a transporter.
  4085 | D:5      | Found a bloodstained altar of Trog.
  4086 | D:5      | Reached skill level 5 in Armour
  4384 | D:5      | Reached ** piety under Okawaru
  4384 | D:5      | Reached skill level 5 in Fighting
  4384 | D:5      | Reached XP level 8. HP: 29/68 MP: 9/9
  4573 | D:5      | Reached skill level 5 in Shields
  5175 | D:5      | Found a transporter.
  5236 | D:5      | Noticed Grinder
  5238 | D:5      | Paralysed by Grinder for 5 turns
  5261 | D:5      | HP: 3/67 [Grinder/nerve-wracking pain (8)]
  5262 | D:5      | Killed from afar by Grinder

Skill      XL: |  1  2  3  4  5  6  7  8 |
---------------+-------------------------+-----
Axes           | 3 4 5 6 7 |  7.8
Armour         | 4 5 |  5.4
Dodging        | 1 2 3 |  3.3
Fighting       | 4 5 |  5.3
Shields        | 4 5 |  5.3
Invocations    | 2 3 4 |  4.2
Evocations     | 1 2 |  2.2

Action                   |  1- 3 |  4- 6 |  7- 9 || total
-------------------------+-------+-------+-------++-------
Melee: War axe           |   103 |   142 |   138 ||   383
       Headbutt          |    12 |    20 |    14 ||    46
       Unarmed           |       |     6 |       ||     6
  Use: Potion            |       |       |     4 ||     4
       Scroll            |       |       |     4 ||     4
  Eat: Chunk             |       |     8 |     2 ||    10
       Ration            |       |       |     1 ||     1
Armor: Scale mail        |    55 |    17 |    44 ||   116
       Leather armour    |       |    24 |       ||    24
       Skin              |       |     1 |       ||     1
Dodge: Dodged            |    40 |    36 |    63 ||   139
Block: Shield            |    60 |    58 |    86 ||   204
